 Dungeon Crawl Stone Soup version 0.20.0-10-g0535bb4 (webtiles) character file.

163 minicreteconcrete the Firebug (level 5, -3/29 HPs)
             Began as a Deep Elf Fire Elementalist on June 7, 2017.
             Killed from afar by an orc wizard (5 damage)
             ... with a magic dart
             ... on level 3 of the Dungeon.
             The game lasted 00:06:27 (2755 turns).

minicreteconcrete the Firebug (DEFE)                Turns: 2755, Time: 00:06:28

Health: -3/29      AC:  4    Str:  5    XL:     5   Next: 20%
Magic:  0/13       EV: 13    Int: 21    God:
Gold:   109        SH:  0    Dex: 15    Spells: 4/12 levels left

rFire    . . .     SeeInvis .   b - +0 hunting sling
rCold    . . .     Gourm    .   (no shield)
rNeg     . . .     Faith    .   j - +0 robe
rPois    .         Spirit   .   q - +0 helmet
rElec    .         Reflect  .   (no cloak)
rCorr    .         Harm     .   (no gloves)
MR       .....                  p - +0 pair of boots
Stlth    ++........             (no amulet)
Regen    0.1/turn               (no ring)
MPRegen  0.2/turn               (no ring)

@: very slightly contaminated, slowed, very slow
A: no striking features
a: no special abilities


You were on level 3 of the Dungeon.
You were not hungry.

You visited 1 branch of the dungeon, and saw 3 of its levels.

You collected 109 gold pieces.

Inventory:

Hand Weapons
 a - a +0 spear
 b - a +0 hunting sling (weapon)
 l - a +0 short sword
Missiles
 d - 80 arrows
 e - 116 stones (quivered)
Armour
 j - a +0 robe (worn)
 k - a +0 buckler
 p - a +0 pair of boots (worn)
 q - a +0 helmet (worn)
Scrolls
 f - 3 scrolls of identify
 i - a scroll of teleportation
 n - a scroll of recharging
Books
 g - a book of Flames

   Spells                             Type                      Level
   a - Flame Tongue                   Conjuration/Fire             1
   b - Throw Flame                    Conjuration/Fire             2
   c - Conjure Flame                  Conjuration/Fire             3
   d - Inner Flame                    Hexes/Fire                   3
   e - Sticky Flame                   Conjuration/Fire             4
   f - Fireball                       Conjuration/Fire             5
Comestibles
 c - 3 bread rations
 h - 3 royal jellies
 m - 2 meat rations
 o - 7 chunks of flesh


   Skills:
 + Level 1.0 Fighting
 + Level 0.3 Polearms
 - Level 1.0 Slings
 + Level 2.9 Dodging
 + Level 2.4 Stealth
 + Level 4.0 Spellcasting
 + Level 2.9 Conjurations
 + Level 4.3 Fire Magic


You had 4 spell levels left.
You knew the following spells:

 Your Spells              Type           Power        Failure   Level  Hunger
a - Flame Tongue          Conj/Fire      ###..        2%          1    None
b - Conjure Flame         Conj/Fire      ###.....     9%          3    ###....
c - Sticky Flame          Conj/Fire      ###.....     26%         4    ####...


Dungeon Overview and Level Annotations

Branches:
Dungeon (3/15)

Altars:
Fedhas
Gozag
Ru

Annotations:
D:1 flight


Message History

The orc wizard closely misses you.
You are too injured to fight recklessly!
a - a +0 spear (weapon)
The orc wizard casts a spell at you.
You feel yourself slow down.
You closely miss the orc wizard.
The orc wizard is almost dead.
The orc wizard points at you and mumbles some strange words.
The magic dart hits you!
The orc wizard mumbles some strange words.
The orc wizard blinks!
You aren't carrying any potions.
The orc wizard gestures at you while chanting.
The magic dart hits you!
* * * LOW HITPOINT WARNING * * *
Okay, then.
b - a +0 hunting sling (weapon)
The orc wizard gestures at you while chanting.
The magic dart hits you!
You die...

..# #.# #.#
..#####.####
...........# #
######.##.#
#.######.##.#
#..oo.)..##.#
#(.(########@#
#.... ##.#
#..... #..##
##......
####...##
.+....o.
+.......#
##o..o..
####...##
##...o. #.o##
###.### ##
#.....#


You could see an orc wizard.

Vanquished Creatures
  An orc wizard (D:3)
  Robin (D:2)
  A gnoll (D:1)
  5 adders
  3 worms (D:2)
  3 dart slugs (D:1)
  A leopard gecko (D:3)
  An orc (D:3)
  2 giant cockroaches (D:1)
  6 hobgoblins
  2 jackals (D:1)
  6 bats
  6 frilled lizards
  12 goblins
  6 kobolds
  3 rats
59 creatures vanquished.

Notes
Turn   | Place    | Note
-------+----------+-------------------------------------------
     0 | D:1      | minicreteconcrete the Deep Elf Fire Elementalist began the quest for the Orb.
     0 | D:1      | Reached XP level 1. HP: 10/10 MP: 6/6
   140 | D:1      | Reached XP level 2. HP: 12/15 MP: 1/8
   607 | D:1      | Reached XP level 3. HP: 16/19 MP: 4/9
  1316 | D:2      | Reached skill level 1 in Slings
  1323 | D:2      | Learned a level 3 spell: Conjure Flame
  1382 | D:2      | Reached XP level 4. HP: 21/24 MP: 7/11
  1664 | D:2      | Noticed Robin
  1708 | D:2      | Killed Robin
  1797 | D:2      | Found a blossoming altar of Fedhas.
  1797 | D:2      | Found a sacrificial altar of Ru.
  2061 | D:2      | Learned a level 4 spell: Sticky Flame
  2129 | D:2      | Found an opulent altar of Gozag.
  2502 | D:3      | Reached skill level 1 in Fighting
  2628 | D:3      | Reached XP level 5. HP: 29/29 MP: 6/12
  2755 | D:3      | Killed from afar by an orc wizard

Skill      XL: |  1  2  3  4  5 |
---------------+----------------+-----
Fire Magic     | 4 |  4.3
Slings         | 1 |  1.0
Conjurations   | 2 |  2.9
Fighting       | 1 |  1.0
Spellcasting   | 4 |  4.0
Polearms       | |  0.3
Dodging        | |  2.9
Stealth        | |  2.4

Action                   |  1- 3 |  4- 6 || total
-------------------------+-------+-------++-------
Melee: Spear             |       |    16 ||    16
 Fire: Hunting sling     |    35 |    49 ||    84
 Cast: Flame Tongue      |    64 |    39 ||   103
       Conjure Flame     |       |     2 ||     2
  Use: Scroll            |       |     3 ||     3
       Potion            |       |     1 ||     1
  Eat: Chunk             |     1 |     5 ||     6
Armor: Robe              |     3 |     6 ||     9
Dodge: Dodged            |    10 |    21 ||    31
